 Dungeon Crawl Stone Soup version 0.30-a0-765-g3161bf10a1 (webtiles) character file.

Game seed: 5903418228419765557

216427 CrazyBamboolord the Wrestler (level 18, -22/174 HPs)
             Began as a Troll Fighter on Feb 12, 2023.
             Was the Champion of Wu Jian.
             Shot with a bolt by a yaktaur captain (27 damage)
             ... on level 2 of the Vaults.
             The game lasted 01:28:41 (32150 turns).

CrazyBamboolord the Wrestler (Troll Fighter)       Turns: 32150, Time: 01:28:41

Health: -22/174    AC: 23    Str: 35    XL:     18   Next: 36%
Magic:  17/17      EV: 10    Int:  6    God:    Wu Jian [******]
Gold:   795        SH: 14    Dex:  9    Spells: 17/17 levels left

rFire   . . .      SeeInvis .      - Unarmed
rCold   + + .      Faith    .    h - +2 kite shield {reflect}
rNeg    + + .      Spirit   .    w - +1 pearl dragon scales
rPois   .          Reflect  +    E - +2 hat
rElec   .          Harm     .    r - +2 cloak {rCorr}
rCorr   +          Rampage  .    (gloves unavailable)
Will    +++++      Clarity  +    (boots unavailable) Stlth
                                 g - amulet of the Four Winds {rN+ Will+++ Clar}
HPRegen 1.29/turn                s - ring "Keoset" {rC+ Will+ Int+2}
MPRegen 0.15/turn                u - ring of protection from cold

@: lethally poisoned (-22 -> -38), about to teleport
A: large, unfitting armour, claws 3, regeneration 1, shaggy fur 1, tough skin 1
}: 1/15 runes: gossamer
a: Renounce Religion, Wall Jump, Serpent's Lash, Heavenly Storm


You were on level 2 of the Vaults.
You worshipped Wu Jian.
Wu Jian was exalted by your worship.
You visited 6 branches of the dungeon, and saw 29 of its levels.
You also visited: Trove.

You collected 3027 gold pieces.
You spent 2232 gold pieces at shops.

Inventory:

Hand Weapons
 a - a +1 scimitar of flaming
Armour
 h - a +2 kite shield of reflection (worn)
 k - the +4 hat "Urufinge" {Harm Stlth+}
   (You found it in a treasure trove)

   Harm:      It increases damage dealt and taken.
   Stlth:     It makes you more stealthy.
 n - the +1 kite shield of Vonoqoz {rC++}
   (You found it in a treasure trove)

   rC:        It greatly protects you from cold.
 r - a +2 cloak of preservation (worn)
 w - +1 pearl dragon scales (worn)
 E - a +2 hat (worn)
 J - the +0 tower shield of Astres {MP+9}
   (You found it in a treasure trove)

   MP:        It affects your magic capacity (+9).
 P - a +4 kite shield of poison resistance
 T - a +1 cloak of poison resistance
Jewellery
 g - the amulet of the Four Winds (around neck) {rN+ Will+++ Clar}
   (You bought it in a shop on level 2 of the Orcish Mines)

   [amulet of nothing]

   rN:        It protects you from negative energy.
   Clar:      It protects you against confusion.
   Will:      It greatly increases your willpower.
 j - a ring of see invisible
 s - the ring "Keoset" (left claw) {rC+ Will+ Int+2}
   (You found it on level 3 of the Dungeon)

   [ring of protection from cold]

   Int:       It affects your intelligence (+2).
   rC:        It protects you from cold.
   Will:      It increases your willpower.
 u - a ring of protection from cold (right claw)
 H - a ring of willpower
 S - a +5 ring of evasion
 U - the amulet "Jaamask" {Spirit Will+ rCorr Int+2}
   (You took it off an ironbound preserver on level 1 of the Vaults)

   [amulet of guardian spirit]

   It causes incoming damage to be divided between your reserves of health and
   magic.
   Int:       It affects your intelligence (+2).
   rCorr:     It protects you from acid and corrosion.
   Will:      It increases your willpower.
 W - a ring of willpower
 Y - a ring of poison resistance
 Z - an amulet of the acrobat
Wands
 p - a wand of digging (12)
 q - a wand of polymorph (13)
 x - a wand of roots (21)
 y - a wand of flame (39)
 B - a wand of light (8)
 F - a wand of charming (21)
Scrolls
 b - a scroll of teleportation
 e - 7 scrolls of identify
 f - 4 scrolls of poison
 A - a scroll of enchant weapon
 G - 3 scrolls of vulnerability
 I - 2 scrolls of brand weapon
 K - a scroll of torment
 M - a scroll of amnesia
 N - 2 scrolls of fog
 O - 3 scrolls of immolation
 Q - a scroll of blinking
Potions
 c - 9 potions of might
 d - 6 potions of lignification
 i - 3 potions of resistance
 l - 7 potions of ambrosia
 m - 6 potions of mutation
 t - 6 potions of haste
 v - 5 potions of flight
 z - 11 potions of curing
 C - 3 potions of brilliance
 D - 3 potions of cancellation
 L - 2 potions of berserk rage
 R - a potion of invisibility


   Skills:
 * Level 10.0 Fighting
 + Level 0.4 Long Blades
 * Level 10.3 Armour
 * Level 11.3 Dodging
 * Level 14.0 Shields
 * Level 22.5 Unarmed Combat


You had 17 spell levels left.
You didn't know any spells.
Your spell library contained the following spells:

 Spells                   Type           Power      Damage    Failure   Level
 Foxfire                  Conj/Fire      0%         2x1d4     83%         1
 Sandblast                Erth           0%         2d4       83%         1
 Summon Small Mammal      Summ           0%         N/A       83%         1
 Passwall                 Tmut/Erth      0%         N/A       92%         2
 Static Discharge         Conj/Air       0%         2-2/arc   92%         2
 Call Canine Familiar     Summ           0%         N/A       99%         3
 Inner Flame              Hex/Fire       0%         N/A       99%         3
 Ozocubu's Armour         Ice            0%         N/A       99%         3
 Portal Projectile        Hex/Tloc       0%         N/A       99%         3
 Stone Arrow              Conj/Erth      0%         3d7       99%         3
 Summon Guardian Golem    Hex/Summ       0%         N/A       99%         3
 Tukima's Dance           Hex            0%         N/A       99%         3
 Vhi's Electric Charge    Tloc/Air       0%         N/A       99%         3
 Animate Armour           Summ/Erth      0%         N/A       100%        4
 Cause Fear               Hex            0%         N/A       100%        4
 Flame Wave               Conj/Fire      0%         2d4       100%        4
 Petrify                  Tmut/Erth      0%         N/A       100%        4
 Sticky Flame             Conj/Fire      0%         2d3       100%        4
 Summon Lightning Spire   Summ/Air       0%         N/A       100%        4
 Arcjolt                  Conj/Air       0%         1d10      100%        5
 Blade Hands              Tmut           0%         N/A       100%        5
 Fireball                 Conj/Fire      0%         3d3       100%        5
 Lightning Bolt           Conj/Air       0%         1d11      100%        5
 Metabolic Englaciation   Hex/Ice        0%         N/A       100%        5
 Iron Shot                Conj/Erth      0%         9d1       100%        6
 Starburst                Conj/Fire      0%         6d3       100%        6
 Statue Form              Tmut/Erth      0%         N/A       100%        6
 Dragon Form              Tmut           0%         N/A       100%        7
 Ozocubu's Refrigeration  Ice            0%         4d7       100%        7
 Storm Form               Tmut/Air       0%         N/A       100%        7
 Borgnjor's Revivificati  Necr           0%         N/A       100%        8
 Discord                  Hex            0%         N/A       100%        8
 Maxwell's Capacitive Co  Air            0%         ∞         100%        8
 Necromutation            Tmut/Necr      0%         N/A       100%        8
 Death's Door             Necr           0%         N/A       100%        9
 Dragon's Call            Summ           0%         N/A       100%        9


Dungeon Overview and Level Annotations

Branches:
Dungeon (15/15)            Temple (1/1) D:5            Lair (5/5) D:11
 Shoals (0/4) Lair:2       Spider (4/4) Lair:3        Slime (0/5) Lair:4
    Orc (2/2) D:12            Elf (0/3) Orc:2        Vaults (2/5) D:14
 Depths (0/4) D:15
  Crypt: Vaults:2-3

Altars:
Ashenzari
Cheibriados
Dithmenos
Elyvilon
Fedhas
Gozag
Hepliaklqana
Kikubaaqudgha
Makhleb
Nemelex Xobeh
Okawaru
Qazlal
Ru
Sif Muna
Trog
Uskayaw
Vehumet
Wu Jian
Xom
Yredelemnul
Zin
The Shining One
Jiyva

Shops:
D:3 *   D:5 [   D:6 [   D:8 ?   Orc:1 *   Orc:2 ?=?(   Vaults:2 (

Portals:
Pandemonium: Orc:2

Annotations:
D:13 3 runed translucent doors, farkougg's ghost, journeyman MiBe
D:15 3 runed translucent doors, Deafoat's ghost, journeyman GnHu
Lair:2 2 transporters, voronchuk's ghost, journeyman MeCj
Spider:2 2 transporters


Innate Abilities, Weirdness & Mutations

You are too large for most types of armour.
You have claws for hands.
Your natural rate of healing is unusually fast.
You are covered in fur. (AC +1)
You have tough skin. (AC +1)


Message History

The necromancer binds the souls of nearby monsters.
You barely miss the ironbound convoker.
You block the ironbound convoker simulacrum's attack.
You scratch the ironbound convoker but do no damage.
The yaktaur is recalled.
The ironbound preserver is recalled.
The ironbound convoker is recalled.
The deep troll is recalled. x2
The yaktaur captain is recalled.
The wizard is recalled.
The ironbound convoker hits you but does no damage.
A deep troll comes into view. x2
An ironbound preserver comes into view.
It is wielding a +2 morningstar of protection.
The ironbound preserver mumbles some strange words.
The ironbound preserver begins to accept its allies' injuries.
An ironbound convoker comes into view.
It is wielding a +0 dire flail of venom.
The yaktaur captain wields an arbalest.
The yaktaur captain shoots a bolt.
The bolt hits you!!
* * * LOW HITPOINT WARNING * * *
The necromancer hits you but does no damage.
A yaktaur comes into view.
A wizard comes into view. It is wielding a +0 dire flail.
The wizard casts a spell.
The wizard blinks!
The wizard moves out of view.
A yaktaur captain comes into view. It is wielding a +0 arbalest.
As you read the scroll of teleportation, it crumbles to dust.
You feel strangely unstable.
The ironbound convoker simulacrum hits you but does no damage.
The ironbound convoker hits you with a +0 dire flail of venom!
* * * LOW HITPOINT WARNING * * *
You are poisoned.
The necromancer gestures wildly while chanting.
The necromancer binds the souls of nearby monsters.
The ironbound convoker hits you with a +0 dire flail.
* * * LOW HITPOINT WARNING * * *
A wizard comes into view. It is wielding a +0 dire flail.
The ironbound convoker simulacrum hits you!
* * * LOW HITPOINT WARNING * * *
The ironbound convoker simulacrum freezes you.
You resist.
* * * LOW HITPOINT WARNING * * *
The yaktaur captain shoots a bolt.
The bolt hits you!!
You die...

#.....###.....#
##.[<........## ##.........#
###.....###
#############+###########
..............)..........
.........p...............
.......ZppT.§............
......))@pT....p.........
......c..Zc..........†...
..##################'†### ..
#...## #.....# #..###
#.....########## #..'~~
#.....#...8....#########..'~~
#........8.8...........'..###
#.......8...8..........#...##


You could see an ironbound preserver (soul bound), a yaktaur captain (soul
bound, sheltered), 2 deep trolls, 2 ironbound convokers, a yaktaur (soul bound,
sheltered), a necromancer (sheltered), a wizard (soul bound, sheltered) and 2
ironbound convoker simulacra.

Vanquished Creatures
  Nikola (Vaults:1)
  The ghost of Koerph the Imperceptible, an adept SpEn of Dithmenos (Vaults:1)
  Gastronok (Lair:3)
  Agnes (D:15)
  4 vault wardens
  6 emperor scorpions
  4 ghost moths
  7 ironbound preservers
  2 broodmothers
  12 very ugly things
  Nessos (D:15)
  3 ironbound thunderhulks
  3 spark wasps
  5 dire elephants
  An ettin (Orc:1)
  Snorg (Orc:2)
  3 entropy weavers
  2 yaktaur captains
  Josephine (D:11)
  2 great orbs of eyes (Vaults:1)
  2 ice dragons (D:15)
  2 radroaches
  5 vault guards (Vaults:1)
  2 catoblepae
  3 demonspawn
  5 hydras
  3 ironbound frosthearts (Vaults:1)
  7 boulder beetles
  3 jorogumos
  7 centaur warriors
  3 two-headed ogres
  2 death yaks (Lair:5)
  10 orc high priests
  2 tengu warriors (D:15)
  A deep troll shaman (Lair:5)
  A sun demon (Orc:2)
  Amaemon (Lair:3)
  A fire crab (shapeshifter) (D:14)
  9 pharaoh ants
  Lodul (D:10)
  11 deep trolls
  20 orb spiders
  6 wizards
  A phantasmal warrior (Vaults:1)
  8 steelbarb worms
  14 lindwurms (Vaults:1)
  A necromancer (Vaults:1)
  7 orc knights
  2 deep elf pyromancers
  9 ironbound convokers
  4 orc sorcerers
  24 wolf spiders
  28 ugly things
  6 cyclopes
  5 manticores
  3 black mambas
  6 moths of wrath
  17 elephants
  A water nymph (Lair:2)
  Maurice (D:8)
  6 demonic crawlers
  4 vault sentinels
  3 torpor snails
  Maggie (D:6)
  An orange demon (Lair:2)
  3 gargoyles
  8 cane toads
  6 komodo dragons
  An efreet (D:13)
  A freezing wraith (D:15)
  9 yaktaurs
  A komodo dragon (shapeshifter) (D:13)
  An unseen horror (D:13)
  4 trolls
  5 meliai
  25 tarantellas
  2 hellwings (Orc:2)
  2 hornets (D:9)
  9 polar bears
  A raiju (shapeshifter) (D:14)
  13 blink frogs
  20 culicivoras
  22 jumping spiders
  A centaur simulacrum (D:15)
  33 slime creatures
  A vampire (D:14)
  2 shadows
  45 yaks
  A spriggan (Lair:3)
  8 wyverns
  Eustachio (D:5)
  7 wraiths
  8 basilisks
  2 vampire mosquitoes (D:11)
  36 redbacks
  Grum (D:10)
  3 wargs
  An acid dragon (D:11)
  7 water moccasins
  27 orc warriors
  A meliai simulacrum (D:14)
  A swamp drake (D:12)
  2 ice beasts (D:7)
  A sky beast (D:7)
  4 black bears
  20 wolves
  10 ogres
  9 centaurs
  A phantom (D:4)
  2 kobold brigands
  3 bullfrogs
  3 gnoll sergeants
  5 necrophages
  3 scorpions (D:5)
  9 killer bees
  6 howler monkeys
  4 jellies
  2 vampire bats (D:13)
  4 hounds
  2 gnoll boudas
  Crazy Yiuf (D:2)
  23 orc priests
  4 iguanas
  14 orc wizards
  Ijyb (D:4)
  11 hell rats
  5 adders
  25 gnolls
  4 white imps
  4 dart slugs
  61 orcs
  4 ball pythons
  11 bats
  10 endoplasms
  7 giant cockroaches
  9 goblins
  5 hobgoblins
  8 jackals
  14 kobolds
  3 quokkas
  2 frilled lizards
  10 rats
965 creatures vanquished.

Vanquished Creatures (others)
  A catoblepas (D:15)
  A death yak (Lair:5)
  An ironbound frostheart (Vaults:1)
  An elephant (Lair:3)
  A yaktaur (Vaults:1)
  A slime creature (D:15)
  A basilisk (D:15)
  A redback (Spider:4)
  65 fungi
  39 plants
112 creatures vanquished.

Grand Total: 1077 creatures vanquished

Notes
Turn   | Place    | Note
-------+----------+-------------------------------------------
     0 | D:1      | CrazyBamboolord the Troll Fighter began the quest for the
                  | Orb.
     0 | D:1      | Reached XP level 1. HP: 22/22 MP: 0/0
    67 | D:1      | Reached XP level 2. HP: 25/29 MP: 1/1
   519 | D:1      | Reached XP level 3. HP: 35/36 MP: 2/2
   788 | D:2      | Identified the +1 scimitar of Precise Incision {venom,
                  | rPois rC- Dex+3}
  1089 | D:2      | Reached XP level 4. HP: 42/44 MP: 3/3
  1363 | D:2      | Found a runed translucent door.
  1364 | D:2      | Noticed Crazy Yiuf
  1377 | D:2      | Killed Crazy Yiuf
  1378 | D:2      | Reached skill level 3 in Unarmed Combat
  1734 | D:3      | Reached XP level 5. HP: 52/52 MP: 4/4
  1742 | D:3      | Found Mopte's General Store.
  1745 | D:3      | Bought a scroll of teleportation for 36 gold pieces
  1979 | D:3      | Identified the ring "Keoset" {rC+ Will+ Int+2}
  2187 | D:3      | Reached skill level 1 in Armour
  2483 | D:4      | Noticed a black bear
  2503 | D:4      | Killed a black bear
  2504 | D:4      | Reached skill level 4 in Unarmed Combat
  2504 | D:4      | Reached XP level 6. HP: 48/61 MP: 5/5
  2818 | D:4      | Noticed Ijyb
  2825 | D:4      | Killed Ijyb
  2952 | D:4      | Reached skill level 5 in Unarmed Combat
  3155 | D:5      | Entered Level 5 of the Dungeon
  3240 | D:5      | Identified the +6 leather armour "Keibew" {rCorr Int+3
                  | Dex+4}
  3252 | D:5      | Reached XP level 7. HP: 60/67 MP: 6/6
  3298 | D:5      | Found Vadgh's Armour Shop.
  3432 | D:5      | Found a staircase to the Ecumenical Temple.
  3457 | Temple   | Entered the Ecumenical Temple
  3838 | Temple   | Became a worshipper of the Wu Jian Council
  3887 | D:5      | Reached skill level 6 in Unarmed Combat
  4019 | D:5      | Reached XP level 8. HP: 76/76 MP: 7/7
  4206 | D:5      | Noticed Eustachio
  4214 | D:5      | Killed Eustachio
  4322 | D:6      | Found Cagurghya's Antique Armour Boutique.
  4372 | D:6      | Reached skill level 7 in Unarmed Combat
  4701 | D:6      | Noticed Maggie
  4718 | D:6      | Reached * piety under Wu Jian
  4727 | D:6      | Killed Maggie
  4728 | D:6      | Reached skill level 5 in Shields
  4728 | D:6      | Reached skill level 8 in Unarmed Combat
  4989 | D:7      | Reached XP level 9. HP: 77/84 MP: 8/8
  5064 | D:7      | Found a hide-covered altar of Uskayaw.
  5095 | D:7      | Reached skill level 9 in Unarmed Combat
  5521 | D:8      | Found Dom Bimmia's Magic Scroll Shoppe.
  5524 | D:8      | Bought a scroll of enchant armour for 120 gold pieces
  5524 | D:8      | Bought a scroll of enchant armour for 120 gold pieces
  5654 | D:8      | Noticed Maurice
  5667 | D:8      | Killed Maurice
  5698 | D:8      | Reached ** piety under Wu Jian
  5722 | D:8      | Reached skill level 5 in Dodging
  5802 | D:8      | Reached skill level 10 in Unarmed Combat
  6018 | D:8      | Reached XP level 10. HP: 59/94 MP: 9/9
  6380 | D:9      | Reached skill level 11 in Unarmed Combat
  6385 | D:9      | Reached skill level 5 in Fighting
  6466 | D:9      | Noticed a two-headed ogre
  6469 | D:9      | Noticed a two-headed ogre
  6662 | D:9      | Killed a two-headed ogre
  7042 | D:9      | Killed a two-headed ogre
  7043 | D:9      | Reached skill level 12 in Unarmed Combat
  7172 | D:10     | Entered Level 10 of the Dungeon
  7179 | D:10     | Reached XP level 11. HP: 94/104 MP: 10/10
  7219 | D:10     | Noticed Grum
  7223 | D:10     | Reached *** piety under Wu Jian
  7224 | D:10     | Killed Grum
  7330 | D:10     | Found a broken altar of Ashenzari.
  7339 | D:10     | Found a white marble altar of Elyvilon.
  7404 | D:10     | Noticed a two-headed ogre
  7419 | D:10     | Killed a two-headed ogre
  7827 | D:10     | Noticed Lodul
  7837 | D:10     | Killed Lodul
  8302 | D:11     | Found a staircase to the Lair.
  8393 | D:11     | Reached skill level 13 in Unarmed Combat
  8651 | D:11     | Noticed Josephine
  8659 | D:11     | Reached skill level 5 in Armour
  8668 | D:11     | Killed Josephine
  9095 | Lair:1   | Entered Level 1 of the Lair of Beasts
  9320 | Lair:1   | Reached XP level 12. HP: 113/113 MP: 11/11
 10098 | Lair:2   | Found a transporter.
 10139 | Lair:2   | Found a transporter.
 10237 | Lair:2   | Reached **** piety under Wu Jian
 10282 | Lair:2   | Found the +3 pair of seven-league boots {Rampage+∞}
 10317 | Lair:2   | Reached skill level 14 in Unarmed Combat
 10338 | Lair:2   | HP: 5/114 [komodo dragon (12)]
 10648 | Lair:2   | Noticed voronchuk's ghost (journeyman MeCj)
 10675 | Lair:2   | Found a staircase to the Shoals.
 11180 | Lair:3   | Noticed Gastronok
 11349 | Lair:3   | Killed Gastronok
 11396 | Lair:3   | Reached skill level 15 in Unarmed Combat
 11456 | Lair:3   | Noticed Amaemon
 11466 | Lair:3   | Killed Amaemon
 11566 | Lair:3   | Noticed a dire elephant
 11613 | Lair:3   | Killed a dire elephant
 11614 | Lair:3   | Reached XP level 13. HP: 33/123 MP: 12/12
 11985 | Lair:3   | Found a hole to the Spider Nest.
 12527 | Lair:4   | Reached ***** piety under Wu Jian
 12638 | Lair:4   | Found a staircase to the Slime Pits.
 12639 | Lair:4   | Found a viscous altar of Jiyva.
 13190 | Lair:5   | Entered Level 5 of the Lair of Beasts
 13843 | Lair:4   | Reached skill level 10 in Shields
 14332 | D:8      | Bought a scroll of acquirement for 832 gold pieces
 14332 | D:8      | Acquired the amulet of Syndicalism {rElec rC- Regen+ Str+3}
 14583 | Lair:5   | Reached skill level 16 in Unarmed Combat
 15026 | Lair:5   | Noticed a dire elephant
 15034 | Lair:5   | Killed a dire elephant
 15493 | D:12     | Reached XP level 14. HP: 129/133 MP: 13/13
 16042 | D:12     | Found a staircase to the Orcish Mines.
 16197 | Orc:1    | Entered Level 1 of the Orcish Mines
 16229 | Orc:1    | Found Kesitul's Mass Market.
 16321 | Orc:1    | Reached skill level 17 in Unarmed Combat
 16372 | Orc:1    | Reached ****** piety under Wu Jian
 16615 | Orc:2    | Entered Level 2 of the Orcish Mines
 16779 | Orc:2    | Noticed Snorg
 16866 | Orc:2    | Killed Snorg
 17169 | Orc:2    | Found Alegg's Magic Scroll Emporium.
 17175 | Orc:2    | Found Kan Miorch's Magic Scroll Shoppe.
 17345 | Orc:2    | Found a staircase to the Elven Halls.
 17422 | Orc:2    | Bought a scroll of teleportation for 42 gold pieces
 17422 | Orc:2    | Bought a scroll of teleportation for 42 gold pieces
 17856 | Orc:2    | Paralysed by an orc sorcerer for 5 turns
 18003 | Orc:2    | Found Akockahe's Antique Weapon Boutique.
 18003 | Orc:2    | Found Rawonywn's Jewellery Shop.
 18003 | Orc:2    | Found a one-way gate leading to the halls of Pandemonium.
 18040 | Orc:2    | Bought the amulet of the Four Winds {rN+ Will+++ Clar} for
                  | 728 gold pieces
 18040 | Orc:2    | Found the amulet of the Four Winds {rN+ Will+++ Clar}
 18214 | D:13     | Reached skill level 18 in Unarmed Combat
 18278 | D:13     | Found a runed translucent gate.
 18278 | D:13     | Found a runed translucent gate.
 18281 | D:13     | Found a runed translucent gate.
 18281 | D:13     | Noticed farkougg's ghost (journeyman MiBe)
 19019 | D:14     | Reached XP level 15. HP: 143/143 MP: 14/14
 19909 | D:14     | Found a portal to a secret trove of treasure.
 19981 | D:14     | Found a gate to the Vaults.
 20197 | Orc:2    | Bought a scroll of enchant weapon for 120 gold pieces
 20315 | D:14     | You paid a toll of a +6 demon whip to enter a treasure
                  | trove
 20316 | Trove    | Entered a treasure trove
 20332 | Trove    | Identified the +1 robe of the Maze {+Blink rF+ MP-9 Dex+3}
 20334 | Trove    | Identified the +0 animal skin of Lies {rPois Int+3}
 20339 | Trove    | Identified the +4 hat "Urufinge" {Harm Stlth+}
 20341 | Trove    | Identified the +1 kite shield of Vonoqoz {rC++}
 20350 | Trove    | Identified the +0 tower shield of Astres {MP+9}
 20352 | Trove    | Identified the +0 cloak "Juewokysh" {Stlth+}
 20354 | Trove    | Identified the +0 hat of Tiptoida {Slay+3}
 20529 | D:15     | Entered Level 15 of the Dungeon
 20758 | D:15     | Found a runed translucent gate.
 20759 | D:15     | Found a runed translucent gate.
 20759 | D:15     | Found a runed translucent gate.
 20761 | D:15     | Noticed Deafoat's ghost (journeyman GnHu)
 21034 | D:15     | Found a staircase to the Depths.
 21143 | D:15     | Noticed Agnes
 21145 | D:15     | Noticed Nessos
 21158 | D:15     | Killed Agnes
 21265 | D:15     | Killed Nessos
 21702 | Spider:1 | Entered Level 1 of the Spider Nest
 22444 | Spider:1 | Reached skill level 19 in Unarmed Combat
 22699 | Spider:1 | Reached skill level 10 in Dodging
 23444 | Spider:2 | Reached XP level 16. HP: 114/153 MP: 15/15
 23780 | Spider:2 | Found a transporter.
 23802 | Spider:2 | Found a transporter.
 25045 | Spider:3 | Reached skill level 20 in Unarmed Combat
 25673 | Spider:4 | Entered Level 4 of the Spider Nest
 26170 | Spider:3 | HP: 3/156 [demonic crawler (14)]
 26896 | Spider:4 | Reached XP level 17. HP: 155/163 MP: 16/16
 27326 | Spider:4 | Got a gossamer rune of Zot
 27335 | Spider:4 | Identified the +2 pair of boots "Ymaypryo" {Str+2 Dex+4}
 27581 | Vaults:1 | Entered Level 1 of the Vaults
 27708 | Vaults:1 | Reached skill level 21 in Unarmed Combat
 27992 | Orc:2    | Bought 3 scrolls of teleportation for 144 gold pieces
 28524 | Vaults:1 | Identified the +3 leather armour "Ejairheg" {Harm rF+
                  | Dex-5}
 28524 | Vaults:1 | Identified the amulet "Jinumor" {Harm Regen+}
 28591 | Vaults:1 | Identified the amulet "Jaamask" {Spirit Will+ rCorr Int+2}
 28819 | Vaults:1 | Noticed Nikola
 28983 | Vaults:1 | Killed Nikola
 29592 | Vaults:1 | Reached skill level 22 in Unarmed Combat
 29617 | Vaults:1 | Found a runed translucent door.
 29858 | Vaults:1 | Noticed Koerph's ghost (adept SpEn)
 30085 | Vaults:1 | Reached skill level 10 in Armour
 30335 | Vaults:1 | Killed Koerph's ghost
 30544 | Vaults:2 | Reached XP level 18. HP: 174/174 MP: 17/17
 30637 | Vaults:2 | Found Peor's Weapon Boutique.
 31440 | D:8      | Bought a scroll of teleportation for 48 gold pieces
 32091 | Vaults:2 | Reached skill level 10 in Fighting
 32150 | Vaults:2 | HP: 8/174 [ironbound convoker simulacrum[a necromancer]
                  | (11)]
 32150 | Vaults:2 | Shot with a bolt by a yaktaur captain

Illustrated notes

Levels and vault maps discovered:
D:1:      onia_arrival_handbag, layout_basic, serial_corexii_hall,
          corexii_hall_statues_l, chequers_hall_statues_y, serial_park_tiny_2
D:2:      layout_loops_ring, kennysheep_generic_room_2, uniq_crazy_yiuf_cottage
D:3:      layout_basic, serial_shops, nicolae_shop_behind_doors,
          chequers_serial_rivers_small_3
D:4:      layout_basic, eino_tiny_chamber, roderic_roman_lattice, uniq_ijyb
D:5:      layout_basic, minmay_temple_entry_slanted, glass_columns_a,
          kennysheep_another_room, kennysheep_windowed_goal, uniq_eustachio
D:6:      layout_cave_pools, serial_shops, nicolae_shop_hallway_plus,
          st_stairs_9, uniq_maggie
D:7:      layout_rooms, eat_drink_and_be_merry_uskayaw
D:8:      layout_loops_corners, serial_shops, nicolae_shop_trees, uniq_maurice
D:9:      layout_basic, kennysheep_generic_room_5
D:10:     layout_loops_corners, mainiacjoe_overflow_swirl, uniq_grum, uniq_lodul
D:11:     layout_loops_corners, david_lair_generic, uniq_josephine
D:12:     layout_irregular_city, erik_orc_1
D:13:     layout_rooms, gammafunk_ghost_necromancy, roderic_batcave
D:14:     layout_stronghold, david_vaults_1, nicolae_trove_entry_crystal
D:15:     grunt_enter_depths_hoard, layout_basic, minmay_crystal_room,
          gammafunk_ghost_tricky_traps, gauntlet_entry_generic,
          interstate_on_off, hangedman_abyss_or_decor_passed, uniq_nessos,
          uniq_agnes
Temple:   compressed_dpeg_triangle_lava_temple
Lair:1:   layout_hall_layers
Lair:2:   layout_regular_city, nicolae_shoals_entry_flooding,
          gammafunk_ghost_berserking_beasts, grunt_megastairs_4
Lair:3:   mu_elephants_graveyard, layout_chaotic_city,
          nicolae_spider_entry_orb_guardian, minmay_stone_trees_small,
          uniq_amaemon, uniq_gastronok
Lair:4:   layout_gridlike, slime_entry_1, serial_bayou_pond_a
Lair:5:   grunt_lair_end_beastmaster, layout_cave_shapes
Spider:1: layout_chambers
Spider:2: gammafunk_boulding_lane
Spider:3: layout_spider_delve, nicolae_spider_orb_run
Spider:4: grunt_spider_rune_island
Orc:1:    layout_caves, minmay_shop_mass
Orc:2:    pf_orc_diabolical, layout_caves, uniq_snorg
Vaults:1: ebering_ghost_reflecting_pool, vaults_standard_mumra_lines,
          nicolae_vaults_meeting, hangedman_vaults_nails, v_rooms_4, v_misc_31,
          nicolae_vaults_gold_heap, hangedman_vaults_unwind,
          dpeg_vaults_monster_box, v_misc_15, nicolae_vaults_little_ls,
          layout_vaults_omnicross, uniq_nikola
Vaults:2: vaults_mumra_chevron, nicolae_vaults_display_case,
          ontoclasm_vaults_decontamination, nicolae_vaults_stairing_the_circle,
          v_alt_pattern_1, hangedman_vaults_stream, vaults_room_door_hall,
          minmay_crypt_entry_necro_gods, v_misc_8, vaults_room_boxed,
          ontoclasm_vaults_ring_small, nicolae_vaults_shelves_hall,
          nicolae_vaults_asterisk, layout_vaults_ring, serial_shops,
          nicolae_diamond_shop

Skill      XL: |  1  2  3  4  5  6  7  8  9 10 11 12 13 14 15 16 17 18 |
---------------+-------------------------------------------------------+-----
Shields        | 3 4 5 6 8 9 10 11 12 13 14 | 14.0
Unarmed Combat | 3 4 5 6 8 10 12 13 15 16 18 19 20 22 | 22.5
Dodging        | 3 4 5 6 7 8 9 10 11 | 11.3
Armour         | 1 2 3 4 5 6 7 8 9 10 | 10.3
Fighting       | 3 4 5 6 7 8 9 10 | 10.0
Long Blades    | |  0.4

Action                     |  1- 3 |  4- 6 |  7- 9 | 10-12 | 13-15 | 16-18 || total
---------------------------+-------+-------+-------+-------+-------+-------++-------
  Melee: Unarmed           |   119 |   156 |   306 |   575 |  1375 |  1298 ||  3829
         Demon whip        |       |       |       |       |    33 |       ||    33
         Scimitar          |       |       |       |       |    10 |       ||    10
 Invoke: Serpent's Lash    |       |       |       |     2 |       |     2 ||     4
Ability: Lunge             |       |       |    24 |    37 |   102 |    62 ||   225
         Whirlwind         |       |       |    22 |   113 |   286 |   202 ||   623
         Wall Jump         |       |       |       |    40 |    16 |    13 ||    69
  Evoke: Wand              |       |     1 |       |    12 |       |       ||    13
    Use: Scroll            |       |     5 |     6 |    17 |    28 |    11 ||    67
         Potion            |       |       |       |     2 |     7 |     6 ||    15
   Stab: Sleeping          |     1 |     1 |     1 |       |       |       ||     3
         Invisible         |       |       |       |     1 |       |       ||     1
         Confused          |       |       |       |       |     2 |       ||     2
         Petrified         |       |       |       |       |     4 |       ||     4
 Armour: Robe              |    61 |    43 |    36 |       |       |       ||   140
         Steam dragon scal |       |       |    30 |   144 |   267 |       ||   441
         Pearl dragon scal |       |       |       |       |   187 |   465 ||   652
  Dodge: Dodged            |    48 |    50 |    88 |   143 |   777 |   434 ||  1540
  Block: Kite shield       |    49 |    55 |   119 |   345 |   828 |   699 ||  2095
         Reflection        |       |       |       |     1 |     5 |    11 ||    17

Table legend: (Time is in decaauts)
 A = Elapsed time spent in this place.
 B = Non-inter-level travel time spent in this place.
 C = Inter-level travel time spent in this place.
 D = Time resting spent in this place.
 E = Time spent auto-exploring this place.
 F = Levels seen in this place.
 G = Mean time per level.
                   A        B        C        D        E       F      G
               +--------+--------+--------+--------+--------+-----+--------+
         Total |  31807 |  28163 |   3644 |   3608 |  17750 |  30 | 1060.2 |
       Dungeon |  13964 |  12138 |   1826 |    466 |   8941 |  15 |  930.9 |
        Temple |    400 |    365 |     35 |      0 |    349 |   1 |  400.0 |
          Lair |   6023 |   5416 |    607 |    840 |   3417 |   5 | 1204.6 |
   Spider Nest |   5560 |   5013 |    547 |    951 |   2775 |   4 | 1390.0 |
  Orcish Mines |   1991 |   1728 |    263 |    264 |    869 |   2 |  995.5 |
        Vaults |   3813 |   3448 |    365 |   1086 |   1398 |   2 | 1906.5 |
         Trove |     53 |     53 |      0 |      0 |      0 |   1 |   53.0 |
               +--------+--------+--------+--------+--------+-----+--------+

Top non-repeatable levels by time:
Vaults:1: 3364 daAuts
    D:14: 1952 daAuts
  Lair:4: 1703 daAuts
Spider:3: 1689 daAuts
Spider:1: 1544 daAuts
   Orc:2: 1425 daAuts
Spider:2: 1283 daAuts
    D:12: 1268 daAuts
    D:11: 1179 daAuts
  Lair:2: 1167 daAuts
  Lair:1: 1156 daAuts
  Lair:3: 1138 daAuts
Spider:4: 1043 daAuts
    D:10: 1018 daAuts
     D:8: 959 daAuts
